 Dungeon Crawl Stone Soup version 0.31.0-32-g396128a36d (webtiles) character file.

Game seed: 16069656062837749017

228 KennySheep the Sneak (level 5, -3/31 HPs)
             Began as a Deep Elf Delver on Apr 9, 2024.
             Incinerated by a bombardier beetle (4 damage)
             ... with a burning spray
             ... on level 4 of the Dungeon.
             The game lasted 00:19:31 (3733 turns).

KennySheep the Sneak (Deep Elf Delver)              Turns: 3733, Time: 00:19:32

Health: -3/31      AC:  8    Str:  9    XL:     5   Next: 70%
Magic:  7/12       EV: 13    Int: 17    God:
Gold:   203        SH:  0    Dex: 16    Spells: 4/11 levels left

rFire   . . .        j - +0 short sword (speed)
rCold   . . .        (no shield)
rNeg    . . .        b - +0 leather armour
rPois   .            w - +0 helmet
rElec   .            (no cloak)
rCorr   .            (no gloves)
SInv    .            (no boots)
Will    .....        e - amulet of the acrobat
Stlth   ++           s - +4 ring of protection
HPRegen 0.25/turn    (no ring)
MPRegen 0.13/turn

%: acrobat
@: mighty, brilliant, on fire, glowing
A: no striking features
a: no special abilities


You were on level 4 of the Dungeon.
You visited 1 branch of the dungeon, and saw 5 of its levels.

You collected 203 gold pieces.

Inventory:

Hand Weapons
 a - a +0 short sword
 j - a +0 short sword of speed (weapon)
Armour
 b - a +0 leather armour (worn)
 w - a +0 helmet (worn)
Magical Staves
 t - a staff of conjuration
Jewellery
 e - an amulet of the acrobat (around neck)
 s - a +4 ring of protection (left hand)
Talismans
 h - a granite talisman
Wands
 g - a wand of digging (3)
 u - a wand of flame (16)
Scrolls
 c - a scroll of fog
 d - 2 scrolls of revelation
 k - 2 scrolls of silence
 o - a scroll of enchant armour
 q - a scroll of teleportation
 v - a scroll of fear
 x - a scroll of identify
 y - a scroll of torment {unknown}
Potions
 f - a potion of haste
 m - a potion of degeneration {unknown}
 n - a potion of mutation {unknown}
 p - a potion of enlightenment {unknown}
 r - a potion of resistance {unknown}
 z - a potion of lignification {unknown}
 A - a potion of cancellation {unknown}


   Skills:
 - Level 2.4 Fighting
 - Level 2.0 Short Blades
 + Level 3.8 Dodging
 + Level 7.0 Stealth
 * Level 3.8 Spellcasting
 - Level 0.8 Conjurations
 * Level 2.9 Ice Magic


You had 4 spell levels left.
You knew the following spells:

 Your Spells              Type           Power      Damage    Failure   Level
a - Freeze                Ice            80%        1d9       7%          1
b - Frozen Ramparts       Ice            40%        1d7       21%         3
c - Hailstorm             Conj/Ice       14%        3d6       30%         3

Your spell library contained the following spells:

 Spells                   Type           Power      Damage    Failure   Level


Dungeon Overview and Level Annotations

Branches:
Dungeon (5/15)
 Temple: D:4-7

Altars:


Message History

Aiming: Freeze (safe; 7% risk of failure)
Press: ? - help, Shift-Dir - straight line, f/p - endoplasm
Aim: an endoplasm (heavily wounded)
You freeze the endoplasm.
You kill the endoplasm!
The liquid fire burns you! The bullfrog completely misses you.
Okay, then.
Casting: Freeze (safe; 7% risk of failure)
Confirm with . or Enter, or press ? or * to list all spells.
Aiming: Freeze (safe; 7% risk of failure)
Press: ? - help, Shift-Dir - straight line, f - bullfrog
Aim: a bullfrog You freeze the bullfrog.
The bullfrog is moderately wounded.
The bullfrog seems to slow down.
The liquid fire burns you! The bullfrog barely misses you.
Casting: Freeze (safe; 7% risk of failure)
Confirm with . or Enter, or press ? or * to list all spells.
Aiming: Freeze (safe; 7% risk of failure)
Press: ? - help, Shift-Dir - straight line, f/p - bullfrog
Aim: a bullfrog (moderately wounded, slow)
You freeze the bullfrog.
The bullfrog is heavily wounded.
The liquid fire burns you!
An orc priest comes into view. It is wielding a +0 whip.
An orc wizard comes into view. It is wielding a +0 dagger.
The bullfrog hits you.
* * * LOW HITPOINT WARNING * * *
It was a potion of brilliance.
You feel clever all of a sudden. The liquid fire burns you!
* * * LOW HITPOINT WARNING * * *
The bullfrog hits you.
* * * LOW HITPOINT WARNING * * *
It was a potion of might.
You feel very mighty all of a sudden. The liquid fire burns you!
You die...

.# #..(<.
#####.# #
#.r...
#.....#.#
#...#.
#.....#.###
#..###
#.....o..o.
#...#.
#...o...F
.......
#..oB.#
####.##.
#.# #F# #.
#. #.# #@#
###.##> #.#
#.#
........
#.# #.#
########
#.# #.# #
#.#####.# #
#.......# #
#......## #
#.####.# #
#.# #.# #


You could see a bullfrog (slow), a bombardier beetle, an orc priest (wandering),
an orc wizard and an orc.

Vanquished Creatures
  A bombardier beetle (D:4)
  A sleepcap (D:4)
  Jessica (D:2)
  An iguana (D:4)
  Robin (D:2)
  An adder (D:3)
  2 ribbon worms (D:2)
  A dart slug (D:1)
  10 ball pythons
  7 bats
  9 endoplasms
  3 giant cockroaches
  11 hobgoblins
  4 jackals (D:2)
  10 kobolds
  3 frilled lizards
  13 goblins
  9 rats
88 creatures vanquished.

Notes
Turn   | Place    | Note
-------+----------+-------------------------------------------
     0 | D:5      | KennySheep the Deep Elf Delver began the quest for the Orb.
     0 | D:5      | Reached XP level 1. HP: 13/13 MP: 3/3
   208 | D:3      | Reached XP level 2. HP: 17/18 MP: 4/4
   437 | D:1      | Learned a level 1 spell: Freeze
   531 | D:1      | Reached skill level 1 in Spellcasting
   809 | D:1      | Reached XP level 3. HP: 22/22 MP: 1/6
  1247 | D:1      | Learned a level 3 spell: Frozen Ramparts
  1600 | D:2      | Reached skill level 1 in Ice Magic
  1878 | D:2      | Noticed Jessica
  1887 | D:2      | Killed Jessica
  1888 | D:2      | Reached XP level 4. HP: 17/27 MP: 5/9
  1932 | D:2      | Learned a level 3 spell: Hailstorm
  2440 | D:2      | Noticed Robin
  2449 | D:2      | Killed Robin
  3056 | D:3      | Reached XP level 5. HP: 31/31 MP: 9/11
  3673 | D:4      | Reached skill level 7 in Stealth
  3732 | D:4      | HP: 1/31 [bullfrog (3)]
  3733 | D:4      | Incinerated by a bombardier beetle

Illustrated notes

Levels and vault maps discovered:
D:1:      dpeg_arrival_subterranean_lakeside_camping, layout_basic,
          interstate_on_off
D:2:      layout_loops_cross, uniq_jessica, uniq_robin
D:3:      layout_basic, kennysheep_nub
D:4:      layout_loops_ring
D:5:      layout_basic, gammafunk_ghost_smash, minivault_23, uniq_blork_the_orc,
          uniq_menkaure

Skill      XL: |  1  2  3  4  5 |
---------------+----------------+-----
Dodging        | 3 |  3.8
Spellcasting   | 1 2 3 |  3.8
Ice Magic      | 1 2 |  2.9
Stealth        | 7 |  7.0
Fighting       | |  2.4
Short Blades   | |  2.0
Conjurations   | |  0.8

Action                     |  1- 3 |  4- 6 || total
---------------------------+-------+-------++-------
  Melee: Short sword       |   103 |    27 ||   130
         Punch             |     1 |       ||     1
   Cast: Freeze            |    34 |    61 ||    95
    Use: Scroll            |     4 |       ||     4
         Potion            |       |     2 ||     2
   Stab: Sleeping          |    15 |     6 ||    21
         Distracted        |     1 |       ||     1
 Armour: Leather armour    |    48 |    42 ||    90
  Dodge: Dodged            |    88 |    53 ||   141
